[Event "Sverigemastarklassen 2025"]
[Site "Uppsala, Sweden"]
[Date "2025.06.28"]
[Round "1.4"]
[White "Lokander, Martin"]
[Black "Pantzar, Milton"]
[Result "1/2-1/2"]
[TimeControl "90 min for 40 move + 30 min with an increment of 30 sec starting move 1"]
[WhiteTitle "IM"]
[BlackTitle "IM"]
[WhiteFideId "1709569"]
[BlackFideId "1721003"]
[WhiteElo "2446"]
[BlackElo "2450"]

1. e4 e5 2. Nf3 Nc6 3. Bb5 Nf6 4. O-O Nxe4 5. Re1 Nd6 6. Nxe5 Be7 7. Bf1 Nxe5 8. Rxe5 O-O 9. d4 Bf6 10.
Re1 Nf5 11. c3 d5 12. Bf4 Bg5 13. Bxg5 Qxg5 14. Nd2 c6 15. Nf3 Qh6 16. a4 Nd6 17. Qb3 Bf5 18. a5 a6 19. c4 dxc4 20.
Bxc4 Nxc4 21. Qxc4 Be6 22. Qc3 Rad8 23. Ra4 Bd5 24. Qe3 Qh5 25. Nd2 Rd6 26. Nf1 Re6 27. Qd2 Qg6 28. Ne3 Rfe8 29.
Rf1 Qg5 30. Rb4 Bxg2 31. f4 Qxa5 32. Nxg2 Re2 33. Re1 Rxe1+ 34. Nxe1 h6 35. Nf3 Qd5 36. Kf2 b5 37. Qc2 Re4 38.
Rb3 Rxf4 39. Re3 Qxd4 40. Qxc6 Qxb2+ 41. Kg3 Rf6 42. Re8+ Kh7 43. Qe4+ Rg6+ 44. Kf4 Qc1+ 45. Ke5 Qc5+ 46.
Kf4 Qc1+ 47. Ke5 Qc7+ 48. Kd4 Qc4+ 49. Ke5 Qxe4+ 50. Kxe4 Re6+ 51. Rxe6 fxe6 52. Nd4 g5 53. Nxe6 b4 54.
Nc5 Kg6 55. Nxa6 b3 56. Kd3 Kf5 57. Nc5 b2 58. Kc2 Kg4 59. Ne4 Kh3 60. Nf6 Kxh2 61. Ng4 Kh3 62. Nxh6 g4 63. Nxg4 Kxg4 64.
Kxb2 1/2-1/2

[Event "Sverigemastarklassen 2025"]
[Site "Uppsala, Sweden"]
[Date "2025.06.28"]
[Round "1.5"]
[White "Hector, Jonny"]
[Black "Seo, Jung Min"]
[Result "1-0"]
[TimeControl "90 min for 40 move + 30 min with an increment of 30 sec starting move 1"]
[WhiteTitle "GM"]
[BlackTitle "IM"]
[WhiteFideId "1700090"]
[BlackFideId "1734687"]
[WhiteElo "2430"]
[BlackElo "2472"]

1. e4 e5 2. Nf3 Nc6 3. Nc3 Nf6 4. h3 Bb4 5. a3 Bxc3 6. dxc3 d6 7. Bd3 Ne7 8. Qe2 Ng6 9. Be3 Qe7 10.
O-O-O Bd7 11. g3 Bc6 12. Nd2 Nf8 13. Rhe1 N8d7 14. f4 b6 15. g4 exf4 16. Bxf4 Ne5 17. Bxe5 dxe5 18. Bb5 Qc5 19.
Bxc6+ Qxc6 20. Nf3 Nd7 21. Rd5 O-O 22. Qd2 Nf6 23. Rxe5 Rad8 24. Qe3 Rfe8 25. Nd4 Qd6 26. Rxe8+ Rxe8 27.
e5 Qc5 28. b4 Qc4 29. Kb2 Nd7 30. Nf3 h6 31. Qd3 Qe6 32. g5 c5 33. gxh6 gxh6 34. h4 a5 35. Qe4 Kh8 36. Qf4 axb4 37.
cxb4 b5 38. bxc5 Nxc5 39. Nd4 Qg6 40. Nxb5 Rb8 41. a4 Ra8 42. Nc3 Kg8 43. Re3 Qb6+ 44. Kc1 Qc6 45. e6 Qh1+ 46. Nd1 Nxe6 47.
Rg3+ Kf8 48. Qd6+ 1-0